Workbook
Name BuiltIn_Criteria: #N/A
Name BuiltIn_Data_Form: #N/A
Name BuiltIn_Database: #N/A
Name BuiltIn_Print_Area: #N/A
Name BuiltIn_Print_Titles: #N/A
Name BuiltIn_Recorder: #N/A
Name dsfsdf: #REF!
Name Excel_BuiltIn__FilterDatabase_3: #REF!
Name preçoaçucar: #REF!
Name preçocafé: #REF!
Name preçocopo200: #REF!
Name preçocopo50: #REF!
Name preçoleite: #REF!
Name preçomanteiga: #REF!
Name preçopão: #REF!
Name sdf: #REF!
Name ss: #REF!
Name USUÁ: #REF!
Name USUÁRIOS: #REF!
Name USUÁRIOTERESINA: #REF!

Sheet Resumo
G1: Submódulo 2.2 - Encargos Previdenciários (GPS), Fundo de Garantia por Tempo de Serviço (FGTS) e outras contribuições.
G2: Salário Servente normativo para a categoria (Preencher de acordo com a CCT)
G3: Salário Servente normativo para a categoria (Preencher de acordo com a CCT)
B4: QUANTIDADE | C4: FUNÇÃO | D4: VALOR | G4: Salário Auxiliar normativo para a categoria (Preencher de acordo com a CCT)
B5: 1 | C5: servente 1 | D5: ='SERV COM CUMULAÇÃO 2 postos'!C133 -> 0 | G5: Salário Portaria normativo para a categoria (Preencher de acordo com a CCT)
B6: 1 | C6: servente 2 | D6: ='SERV COM CUMULAÇÃO 2 postos'!C133 -> 0 | G6: Cumulação
B7: 1 | C7: portaria 10 | D7: ='PORTARIA 10'!C132 -> 0 | G7: Adicional de Risco
B8: 1 | C8: portaria 40 | D8: ='PORTARIA 40'!C132 -> 0 | G8: SAT/FAP | I8: Decreto 6.042/2007, Lei 10.666/2003 (Apresentar memória de cálculo do RAT/FAP)
B9: 1 | C9: portaria 30 | D9: ='PORTARIA 30'!C132 -> 0 | G9: Submódulo 2.3 - Benefícios Mensais e Diários.
B10: 1 | C10: ASG 1 | D10: ='PORTARIA 40'!C132 -> 0 | G10: Vale Transporte (Valor de uma passagem)
B11: 1 | C11: ASG 2 | D11: ='ASH 2 postos'!C131 -> 0 | G11: Vale Refeição (Valor integral)
B12: VALOR TOTAL | D12: =SUM(D5:D11) -> 0 | G12: Benefício Social Familiar
G13: Fundo de Formação Profissional
G14: Assistência à Saúde
G15: Seguro de vida
G16: Custos dos exames admssional, períodicos e demissionais
G17: Submódulo 4.1 - Substituto nas Ausências Legais
G18: Substituto na cobertura de Ausências Legais | H18: 0.0028 | I18: (1 dia / 30 dias) x (1 dia / 12 meses) x 100 = 0,28%
G19: Substituto na cobertura de Licença Paternidade | H19: =((5/30)/12)*2% -> 0.00027777778 | I19: ((5 dias de ausência/30 impacto sobre o mês)/12 meses do ano)*2% estimativa de ocorrência=0,028%
G20: Substituto na cobertura de Ausência por acidente de trabalho | H20: =((15/30)/12)*8% -> 0.0033333333 | I20: ((15 dias de ausências INSS /30 mês)/12 meses)*8% (estimativa IBGE) = 0,33%
G21: Substituto na cobertura de Ausência por Doença | H21: =(5.96/30)*(1/12) -> 0.016555556 | I21: (5,96 dias/ano IBGE/30 dias) x (1/12 meses) = 1,66%
G22: Substituto na cobertura de Licença Maternidade | H22: =(5/30)*(1/12)*6.24%*4.96% -> 4.2986667e-05 | I22: (5 dias / 30 dias) x (1 / 12 meses) x 6,24% taxa de fecundidade x 4,96% participação masculina = 0,004%
G23: Módulo 6 - Custos Indiretos, Tributos e Lucro
G24: Custos Indiretos Servente com copeiragem
G25: Lucro Servente com copeiragem
G26: Custos Indiretos Servente com copeiragem
G27: Lucro Servente com copeiragem
G28: Custos Indiretos Portaria 10
G29: Lucro Portaria 10
G30: Custos Indiretos Portaria 40
G31: Lucro Portaria 40
G32: Custos Indiretos Portaria 30
G33: Lucro Portaria 30
G34: Custos Indiretos ASG
... G40: C.3. ISS

Sheet SERV COM CUMULAÇÃO  2 postos
B3: Mão de Obra
B5: Cargo | C5: Servente com cumulação
B6: Jornada (Preencher horas mensais) | C6: 200
B7: Salário normativo para a categoria (Preencher de acordo com a CCT) | C7: =Resumo!H2 -> 0
A10: Módulo 1 - Composição da Remuneração
A12: 1 | B12: Composição da Remuneração | C12: Valor (R$) | D12: Valor (R$) | E12: Fundamentação Legal
A13: A | B13: Salário-Base | D13: =C7/220*C6 -> 0 | E13: Salário normativo da categoria de acorodo com a CCT
A14: B | B14: Cumulação copeira | C14: =Resumo!H6 -> 0 | D14: =ROUND((C14/220*C6),2) -> 0 | E14: Valor de acordo com a CCT (Informarr valor imtegral na célula C15)
A15: C | B15: Outros (Descrever )
A16: Total | D16: =SUM(D13:D15) -> 0
A19: Módulo 2 - Encargos e Benefícios Anuais, Mensais e Diários
A22: Submódulo 2.1 - 13º (décimo terceiro) Salário, Férias e Adicional de Férias
A24: 2.2 | B24: 13º (décimo terceiro) Salário, Férias e Adicional de Férias | C24: Percentual (%) | D24: Valor (R$) | E24: Fundamentação Legal
A25: A | B25: 13º (décimo terceiro) Salário | C25: 0.0833 | D25: =ROUND(D16*C25,2) -> 0 | E25: Lei 4090/62 Inciso VIII Art. 7 CF 88
A26: B | B26: Férias e Adicional de Férias | C26: 0.1111 | D26: =ROUND(D16*C26,2) -> 0
A27: SUBTOTAL | C27: =SUM(C25:C26) -> 0.1944 | D27: =SUM(D25:D26) -> 0
A28: C | B28: Incidência do submódulo 2.2 sobre o submódulo 2.1 | C28: =(C27*C43) -> 0.0657072 | D28: =ROUND(D27*C28,2) -> 0
A29: Total | C29: =SUM(C27:C28) -> 0.2601072 | D29: =SUM(D27:D28) -> 0
A32: Submódulo 2.2 - Encargos Previdenciários (GPS), Fundo de Garantia por Tempo de Serviço (FGTS) e outras contribuições.
A34: 2.3 | B34: GPS, FGTS e outras contribuições | C34: Percentual (%) | D34: Valor (R$) | E34: Fundamentação Legal
A35: D | B35: INSS | C35: 0.2 | D35: =ROUND(D16*C35,2) -> 0 | E35: Art. 22, Inciso I, da Lei 8.212/91
A36: E | B36: Salário Educação | C36: 0.025 | D36: =ROUND(D16*C36,2) -> 0 | E36: Artigo 3º Inciso I Decreto 87.043/82
A37: F | B37: SAT/FAP | C37: =Resumo!H8 -> 0 | D37: =ROUND(D16*C37,2) -> 0 | E37: Art. 22, inciso II, da Lei nº 8.212/91 (Apresentar memória de cálculo do SAT/FAP)
A38: G | B38: SESC ou SESI | C38: 0.015 | D38: =ROUND(D16*C38,2) -> 0 | E38: Artigo 30 da Lei nº 8.036/90
A39: H | B39: SENAI - SENAC | C39: 0.01 | D39: =ROUND(D16*C39,2) -> 0 | E39: Decreto-Lei nº 2.318/86
A40: I | B40: SEBRAE | C40: 0.006 | D40: =ROUND(D16*C40,2) -> 0 | E40: Lei nº 8.029/90
A41: J | B41: INCRA | C41: 0.002 | D41: =ROUND(D16*C41,2) -> 0 | E41: Artigos 1º e 2º do Decreto-Lei nº 1.146/70.
A42: K | B42: FGTS | C42: 0.08 | D42: =ROUND(D16*C42,2) -> 0 | E42: Artigo 15 Lei 8036/90 e Art. 7º Inciso III CF/88
A43: Total | C43: =SUM(C35:C42) -> 0.338 | D43: =SUM(D35:D42) -> 0
A46: Submódulo 2.3 - Benefícios Mensais e Diários.
A48: 2.4 | B48: Benefícios Mensais e Diários | C48: Valor (R$) | D48: Valor Total (R$) | E48: Fundamentação Legal
A49: L | B49: Vale Transporte | C49: =Resumo!H10 -> 0 | D49: =ROUND((C49*2*22)-(D13*0.06),2) -> 0 | E49: Lei 7.4118 (Considerar 22 dias)
A50: M | B50: Vale Refeição (Desconto) | C50: =Resumo!H11 -> 0 | D50: =ROUND(((C50+(C50/12))*0.8),2) -> 0 | E50: Cláusula 13a da CCT
A51: N | B51: Fundo de Formação | D51: =Resumo!H13 -> 0 | E51: Cláusula 32a da CCT
A52: O | B52: Benefício Social Familiar | D52: =Resumo!H12 -> 0 | E52: Cláusula 15a da CCT
A53: P | B53: Assistência Médica | D53: =Resumo!H14 -> 0 | E53: Cláusula 19a da CCT
A54: Q | B54: Seguro de vida | D54: =Resumo!H15 -> 0
A55: R | B55: Custos dos exames admssional, períodicos e demissionais | D55: =Resumo!H16 -> 0
A56: Total | D56: =SUM(D49:D55) -> 0
A59: Quadro-Resumo do Módulo 2 - Encargos e Benefícios anuais, mensais e diários
A61: 2 | B61: Encargos e Benefícios Anuais, Mensais e Diários | C61: Percentual (%) | D61: Valor (R$)
A62: 2.1 | B62: 13º (décimo terceiro) Salário, Férias e Adicional de Férias | D62: =D29 -> 0
A63: 2.2 | B63: GPS, FGTS e outras contribuições | D63: =D43 -> 0
A64: 2.3 | B64: Benefícios Mensais e Diários | D64: =D56 -> 0
A65: Total | D65: =SUM(D62:D64) -> 0
A68: Módulo 3 - Provisão para Rescisão
A70: 3 | B70: Provisão para Rescisão | C70: Percentual (%) | D70: Valor (R$) | E70: Memória de Cálculo
A71: A | B71: Aviso Prévio Indenizado | C71: 0.004167 | D71: =ROUND(C71*$D$16,2) -> 0 | E71: 1 (unidade de salário) x (1 (mês não trabalhado) / 12 (meses) x 5% (estatística) = 0,4167%
A72: B | B72: Incidência do FGTS sobre o Aviso Prévio Indenizado | C72: 0.08 | D72: =ROUND(D71*C72,2) -> 0 | E72: Alíquota FGTS 8%
A73: C | B73: Multa do FGTS e contribuição social sobre o Aviso Prévio Trabalhado e Indenizado | C73: 0.032 | D73: =ROUND(C73*$D$16,2) -> 0 | E73: 40 (Multa do FGTS)*8% (Incidência do FGTS) = 3,20%
A74: D | B74: Aviso Prévio Trabalhado | C74: 0.0194 | D74: =ROUND(C74*$D$16,2) -> 0 | E74: [(1 (unidade de salário) / 30 (dias do mês)) x 7 (dias da semana)] / 12 (meses do ano) = 1,94%
A75: E | B75: Incidência dos encargos do submódulo 2.2 sobre o Aviso Prévio Trabalhado | C75: =C74*C43 -> 0.0065572 | D75: =ROUND(D74*C75,2) -> 0 | E75: Incidência dos encargos sociais sobre o aviso prévio trabalhado
A76: Total | C76: =SUM(C71:C75) -> 0.1421242 | D76: =SUM(D71:D75) -> 0
A79: Módulo 4 - Custo de Reposição do Profissional Ausente
A82: Submódulo 4.1 - Substituto nas Ausências Legais
A84: 4.1 | B84: Substituto nas Ausências Legais | C84: Percentual (%) | D84: Valor (R$) | E84: Memória de Cálculo
A85: A | B85: Substituto na cobertura de Férias | C85: =((1+1/3)/12)/12 -> 0.0092592593 | D85: =ROUND(($D$16)*C85,2) -> 0 | E85: ((1 remuneração + 1/3 terço constitucional)/12 rateio prov. p/ 12 meses) / 12 corresponde a 1/12 de férias + 1/3 do substituto=0,93%
A86: B | B86: Substituto na cobertura de Ausências Legais | C86: =Resumo!H18 -> 0.0028 | D86: =ROUND(($D$16)*C86,2) -> 0 | E86: (1 dia / 30 dias) x (1 dia / 12 meses) x 100 = 0,28%
A87: C | B87: Substituto na cobertura de Licença Paternidade | C87: =Resumo!H19 -> 0.00027777778 | D87: =ROUND(($D$16)*C87,2) -> 0 | E87: ((5 dias de ausência/30 impacto sobre o mês)/12 meses do ano)*2% estimativa de ocorrência=0,028%
A88: D | B88: Substituto na cobertura de Ausência por acidente de trabalho | C88: =Resumo!H20 -> 0.0033333333 | D88: =ROUND(($D$16)*C88,2) -> 0 | E88: ((15 dias de ausências INSS /30 mês)/12 meses)*8% (estimativa IBGE) = 0,33%
A89: E | B89: Substituto na cobertura de Ausência por Doença | C89: =Resumo!H21 -> 0.016555556 | D89: =ROUND(($D$16)*C89,2) -> 0 | E89: (5,96 dias/ano IBGE/30 dias) x (1/12 meses) = 1,66%
A90: F | B90: Substituto na cobertura de Licença Maternidade | C90: =Resumo!H22 -> 4.2986667e-05 | D90: =ROUND(($D$16)*C90,2) -> 0 | E90: (5 dias / 30 dias) x (1 / 12 meses) x 6,24% taxa de fecundidade x 4,96% participação masculina = 0,004%
A91: Subtotal | C91: =SUM(C85:C89) -> 0.032225926 | D91: =SUM(D85:D89) -> 0
A92: G | B92: Incidência do Submódulo 2.2 sobre o Submódulo 4.1 | C92: =C91*C43 -> 0.010892363 | D92: =D91*C92 -> 0
A93: Total | C93: =SUM(C91:C92) -> 0.043118289 | D93: =SUM(D91:D92) -> 0
A95: Quadro-Resumo do Módulo 4 - Custo de Reposição do Profissional Ausente
A97: 4 | B97: Custo de Reposição do Profissional Ausente | C97: Valor (R$)
A98: 4.1 | B98: Substituto nas Ausências Legais | C98: =D93 -> 0
A99: Total | C99: =C98 -> 0
A102: Módulo 5 - Insumos Diversos
A104: 5 | B104: Insumos Diversos | C104: Valor (R$)
A105: A | B105: Materiais | C105: ='MODULO 5 MATERIAIS_EQUIP_UNIF'!B43 -> 0
A106: B | B106: Equipamentos | C106: ='MODULO 5 MATERIAIS_EQUIP_UNIF'!B47 -> 0
A107: C | B107: Uniformes | C107: ='MODULO 5 MATERIAIS_EQUIP_UNIF'!B46 -> 0
A108: Total | C108: =SUM(C105:C107) -> 0
A111: Módulo 6 - Custos Indiretos, Tributos e Lucro
A113: 6 | B113: Custos Indiretos, Tributos e Lucro | C113: Percentual (%) | D113: Valor (R$)
A114: A | B114: Custos Indiretos | C114: =Resumo!H24 -> 0 | D114: =ROUND(((C131)*C114),2) -> 0
A115: B | B115: Lucro | C115: =Resumo!H25 -> 0 | D115: =ROUND(((C131+D114)*C115),2) -> 0
A116: C | B116: Tributos | C116: =SUM(C117:C119) -> 0 | D116: =ROUND(SUM(D117:D119),2) -> 0
B117: C.1. PIS (Lucro Presumido, se for Lucro Real só alterar a alíquota) | C117: =Resumo!H38 -> 0 | D117: =ROUND(C117*((C131+D114+D115)/(1-C136)),2) -> 0
B118: C.2. COFINS (Lucro Presumido, se for Lucro Real só alterar a alíquota) | C118: =Resumo!H39 -> 0 | D118: =ROUND(C118*((C131+D114+D115)/(1-C136)),2) -> 0
B119: C.3. ISS | C119: =Resumo!H40 -> 0 | D119: =ROUND(C119*((C131+D114+D115)/(1-C136)),2) -> 0
A120: Total | D120: =ROUND(SUM(D114:D116),2) -> 0
A123: 2. QUADRO-RESUMO DO CUSTO POR EMPREGADO
B125: Mão de obra vinculada à execução contratual (valor por empregado) | C125: Valor (R$)
A126: A | B126: Módulo 1 - Composição da Remuneração | C126: =D16 -> 0
A127: B | B127: Módulo 2 - Encargos e Benefícios Anuais, Mensais e Diários | C127: =D65 -> 0
A128: C | B128: Módulo 3 - Provisão para Rescisão | C128: =D76 -> 0
A129: D | B129: Módulo 4 - Custo de Reposição do Profissional Ausente | C129: =C99 -> 0
A130: E | B130: Módulo 5 - Insumos Diversos | C130: =C108 -> 0
A131: Subtotal (A + B +C+ D+E) | C131: =ROUND(C126+C127+C128+C129+C130,2) -> 0
A132: F | B132: Módulo 6 – Custos Indiretos, Tributos e Lucro | C132: =D120 -> 0
A133: Valor Total por Empregado | C133: =ROUND(C131+C132,2) -> 0
A136: a) Tributos | C136: =C116 -> 0
A137: b) Total dos Módulos 1,2,3,4,5+Custos indiretos+lucro) | C137: =D16+D65+D76+C99+C108+D114+D115 -> 0
A138: C)Po/(1-TO)=P1 | C138: =TRUNC(C137/(1-C136),2) -> 0
A139: Valor dos Tributos = P1-Po | C139: =C138-C137 -> 0

Sheet PORTARIA 10
B3: Mão de Obra
B5: Cargo | C5: Portaria Diurna
B6: Jornada (Preencher horas mensais) | C6: 50
B7: Salário normativo para a categoria (Preencher de acordo com a CCT) | C7: =Resumo!H5 -> 0
A10: Módulo 1 - Composição da Remuneração
A12: 1 | B12: Composição da Remuneração | C12: Valor (R$) | D12: Valor (R$) | E12: Fundamentação Legal
A13: A | B13: Salário-Base | D13: =C7/220*C6 -> 0 | E13: Salário normativo da categoria de acorodo com a CCT
A14: B | B14: Adicional de Risco | C14: =Resumo!H7 -> 0 | D14: =ROUND((C14/220*C6),2) -> 0 | E14: Valor de acordo com a CCT (Informarr valor imtegral na célula C15)
A15: C | B15: Outros (Descrever )
A16: Total | D16: =SUM(D13:D15) -> 0
A19: Módulo 2 - Encargos e Benefícios Anuais, Mensais e Diários
A22: Submódulo 2.1 - 13º (décimo terceiro) Salário, Férias e Adicional de Férias
A24: 2.2 | B24: 13º (décimo terceiro) Salário, Férias e Adicional de Férias | C24: Percentual (%) | D24: Valor (R$) | E24: Fundamentação Legal
A25: A | B25: 13º (décimo terceiro) Salário | C25: 0.0833 | D25: =ROUND(D16*C25,2) -> 0 | E25: Lei 4090/62 Inciso VIII Art. 7 CF 88
A26: B | B26: Férias e Adicional de Férias | C26: 0.1111 | D26: =ROUND(D16*C26,2) -> 0
A27: SUBTOTAL | C27: =SUM(C25:C26) -> 0.1944 | D27: =SUM(D25:D26) -> 0
A28: C | B28: Incidência do submódulo 2.2 sobre o submódulo 2.1 | C28: =(C27*C43) -> 0.0657072 | D28: =ROUND(D27*C28,2) -> 0
A29: Total | C29: =SUM(C27:C28) -> 0.2601072 | D29: =SUM(D27:D28) -> 0
A32: Submódulo 2.2 - Encargos Previdenciários (GPS), Fundo de Garantia por Tempo de Serviço (FGTS) e outras contribuições.
A34: 2.3 | B34: GPS, FGTS e outras contribuições | C34: Percentual (%) | D34: Valor (R$) | E34: Fundamentação Legal
A35: D | B35: INSS | C35: 0.2 | D35: =ROUND(D16*C35,2) -> 0 | E35: Art. 22, Inciso I, da Lei 8.212/91
A36: E | B36: Salário Educação | C36: 0.025 | D36: =ROUND(D16*C36,2) -> 0 | E36: Artigo 3º Inciso I Decreto 87.043/82
A37: F | B37: SAT/FAP | C37: =Resumo!H8 -> 0 | D37: =ROUND(D16*C37,2) -> 0 | E37: Art. 22, inciso II, da Lei nº 8.212/91 (Apresentar memória de cálculo do SAT/FAP)
A38: G | B38: SESC ou SESI | C38: 0.015 | D38: =ROUND(D16*C38,2) -> 0 | E38: Artigo 30 da Lei nº 8.036/90
A39: H | B39: SENAI - SENAC | C39: 0.01 | D39: =ROUND(D16*C39,2) -> 0 | E39: Decreto-Lei nº 2.318/86
A40: I | B40: SEBRAE | C40: 0.006 | D40: =ROUND(D16*C40,2) -> 0 | E40: Lei nº 8.029/90
A41: J | B41: INCRA | C41: 0.002 | D41: =ROUND(D16*C41,2) -> 0 | E41: Artigos 1º e 2º do Decreto-Lei nº 1.146/70.
A42: K | B42: FGTS | C42: 0.08 | D42: =ROUND(D16*C42,2) -> 0 | E42: Artigo 15 Lei 8036/90 e Art. 7º Inciso III CF/88
A43: Total | C43: =SUM(C35:C42) -> 0.338 | D43: =SUM(D35:D42) -> 0
A46: Submódulo 2.3 - Benefícios Mensais e Diários.
A48: 2.4 | B48: Benefícios Mensais e Diários | C48: Valor (R$) | D48: Valor Total (R$) | E48: Fundamentação Legal
A49: L | B49: Vale Transporte | C49: =Resumo!H10 -> 0 | D49: =ROUND((C49*2*22)-(D13*0.06),2) -> 0 | E49: Lei 7.4118 (Considerar 22 dias)
A50: M | B50: Vale Refeição (Desconto) | C50: =Resumo!H11 -> 0 | D50: =ROUND(((C50+(C50/12))*0.8),2) -> 0 | E50: Cláusula 13a da CCT
A51: N | B51: Fundo de Formação | D51: =Resumo!H13 -> 0 | E51: Cláusula 32a da CCT
A52: O | B52: Benefício Social Familiar | D52: =Resumo!H12 -> 0 | E52: Cláusula 15a da CCT
A53: P | B53: Assistência Médica | D53: =Resumo!H14 -> 0 | E53: Cláusula 19a da CCT
A54: Q | B54: Seguro de vida | D54: =Resumo!H15 -> 0
A55: R | B55: Custos dos exames admssional, períodicos e demissionais | D55: =Resumo!H16 -> 0
A56: S | B56: Intrajornada | D56: =D16/C6*1.5*22 -> 0
A57: Total | D57: =SUM(D49:D55) -> 0
A60: Quadro-Resumo do Módulo 2 - Encargos e Benefícios anuais, mensais e diários
A62: 2 | B62: Encargos e Benefícios Anuais, Mensais e Diários | C62: Percentual (%) | D62: Valor (R$)
A63: 2.1 | B63: 13º (décimo terceiro) Salário, Férias e Adicional de Férias | D63: =D29 -> 0
A64: 2.2 | B64: GPS, FGTS e outras contribuições | D64: =D43 -> 0
A65: 2.3 | B65: Benefícios Mensais e Diários | D65: =D57 -> 0
A66: Total | D66: =SUM(D63:D65) -> 0
A69: Módulo 3 - Provisão para Rescisão
A71: 3 | B71: Provisão para Rescisão | C71: Percentual (%) | D71: Valor (R$) | E71: Memória de Cálculo
A72: A | B72: Aviso Prévio Indenizado | C72: 0.004167 | D72: =ROUND(C72*$D$16,2) -> 0 | E72: 1 (unidade de salário) x (1 (mês não trabalhado) / 12 (meses) x 5% (estatística) = 0,4167%
A73: B | B73: Incidência do FGTS sobre o Aviso Prévio Indenizado | C73: 0.08 | D73: =ROUND(D72*C73,2) -> 0 | E73: Alíquota FGTS 8%
A74: C | B74: Multa do FGTS e contribuição social sobre o Aviso Prévio Trabalhado e Indenizado | C74: 0.032 | D74: =ROUND(C74*$D$16,2) -> 0 | E74: 40 (Multa do FGTS)*8% (Incidência do FGTS) = 3,20%
A75: D | B75: Aviso Prévio Trabalhado | C75: 0.0194 | D75: =ROUND(C75*$D$16,2) -> 0 | E75: [(1 (unidade de salário) / 30 (dias do mês)) x 7 (dias da semana)] / 12 (meses do ano) = 1,94%
A76: E | B76: Incidência dos encargos do submódulo 2.2 sobre o Aviso Prévio Trabalhado | C76: =C75*C43 -> 0.0065572 | D76: =ROUND(D75*C76,2) -> 0 | E76: Incidência dos encargos sociais sobre o aviso prévio trabalhado
A77: Total | C77: =SUM(C72:C76) -> 0.1421242 | D77: =SUM(D72:D76) -> 0
A80: Módulo 4 - Custo de Reposição do Profissional Ausente
A83: Submódulo 4.1 - Substituto nas Ausências Legais
A85: 4.1 | B85: Substituto nas Ausências Legais | C85: Percentual (%) | D85: Valor (R$) | E85: Memória de Cálculo
A86: A | B86: Substituto na cobertura de Férias | C86: =((1+1/3)/12)/12 -> 0.0092592593 | D86: =ROUND(($D$16)*C86,2) -> 0 | E86: ((1 remuneração + 1/3 terço constitucional)/12 rateio prov. p/ 12 meses) / 12 corresponde a 1/12 de férias + 1/3 do substituto=0,93%
A87: B | B87: Substituto na cobertura de Ausências Legais | C87: 0.0028 | D87: =ROUND(($D$16)*C87,2) -> 0 | E87: (1 dia / 30 dias) x (1 dia / 12 meses) x 100 = 0,28%
A88: C | B88: Substituto na cobertura de Licença Paternidade | C88: =((5/30)/12)*2% -> 0.00027777778 | D88: =ROUND(($D$16)*C88,2) -> 0 | E88: ((5 dias de ausência/30 impacto sobre o mês)/12 meses do ano)*2% estimativa de ocorrência=0,028%
A89: D | B89: Substituto na cobertura de Ausência por acidente de trabalho | C89: =((15/30)/12)*8% -> 0.0033333333 | D89: =ROUND(($D$16)*C89,2) -> 0 | E89: ((15 dias de ausências INSS /30 mês)/12 meses)*8% (estimativa IBGE) = 0,33%
A90: E | B90: Substituto na cobertura de Ausência por Doença | C90: =(5.96/30)*(1/12) -> 0.016555556 | D90: =ROUND(($D$16)*C90,2) -> 0 | E90: (5,96 dias/ano IBGE/30 dias) x (1/12 meses) = 1,66%
A91: F | B91: Substituto na cobertura de Licença Maternidade | C91: =(5/30)*(1/12)*6.24%*4.96% -> 4.2986667e-05 | D91: =ROUND(($D$16)*C91,2) -> 0 | E91: (5 dias / 30 dias) x (1 / 12 meses) x 6,24% taxa de fecundidade x 4,96% participação masculina = 0,004%
A92: Subtotal | C92: =SUM(C86:C90) -> 0.032225926 | D92: =SUM(D86:D90) -> 0
A93: G | B93: Incidência do Submódulo 2.2 sobre o Submódulo 4.1 | C93: =C92*C43 -> 0.010892363 | D93: =D92*C93 -> 0
A94: Total | C94: =SUM(C92:C93) -> 0.043118289 | D94: =SUM(D92:D93) -> 0
A96: Quadro-Resumo do Módulo 4 - Custo de Reposição do Profissional Ausente
A98: 4 | B98: Custo de Reposição do Profissional Ausente | C98: Valor (R$)
A99: 4.1 | B99: Substituto nas Ausências Legais | C99: =D94 -> 0
A100: Total | C100: =C99 -> 0
A103: Módulo 5 - Insumos Diversos
A105: 5 | B105: Insumos Diversos | C105: Valor (R$)
A106: A | B106: Uniformes | C106: ='MODULO 5 MATERIAIS_EQUIP_UNIF'!B44 -> 0
A107: Total | C107: =SUM(C106:C106) -> 0
A110: Módulo 6 - Custos Indiretos, Tributos e Lucro
A112: 6 | B112: Custos Indiretos, Tributos e Lucro | C112: Percentual (%) | D112: Valor (R$)
A113: A | B113: Custos Indiretos | C113: =Resumo!H36 -> 0 | D113: =ROUND(((C130)*C113),2) -> 0
A114: B | B114: Lucro | C114: =Resumo!H37 -> 0 | D114: =ROUND(((C130+D113)*C114),2) -> 0
A115: C | B115: Tributos | C115: =SUM(C116:C118) -> 0 | D115: =ROUND(SUM(D116:D118),2) -> 0
B116: C.1. PIS (Lucro Presumido, se for Lucro Real só alterar a alíquota) | C116: =Resumo!H38 -> 0 | D116: =ROUND(C116*((C130+D113+D114)/(1-C135)),2) -> 0
B117: C.2. COFINS (Lucro Presumido, se for Lucro Real só alterar a alíquota) | C117: =Resumo!H39 -> 0 | D117: =ROUND(C117*((C130+D113+D114)/(1-C135)),2) -> 0
B118: C.3. ISS | C118: =Resumo!H40 -> 0 | D118: =ROUND(C118*((C130+D113+D114)/(1-C135)),2) -> 0
A119: Total | D119: =ROUND(SUM(D113:D115),2) -> 0
A122: 2. QUADRO-RESUMO DO CUSTO POR EMPREGADO
B124: Mão de obra vinculada à execução contratual (valor por empregado) | C124: Valor (R$)
A125: A | B125: Módulo 1 - Composição da Remuneração | C125: =D16 -> 0
A126: B | B126: Módulo 2 - Encargos e Benefícios Anuais, Mensais e Diários | C126: =D66 -> 0
A127: C | B127: Módulo 3 - Provisão para Rescisão | C127: =D77 -> 0
A128: D | B128: Módulo 4 - Custo de Reposição do Profissional Ausente | C128: =C100 -> 0
A129: E | B129: Módulo 5 - Insumos Diversos | C129: =C107 -> 0
A130: Subtotal (A + B +C+ D+E) | C130: =ROUND(C125+C126+C127+C128+C129,2) -> 0
A131: F | B131: Módulo 6 – Custos Indiretos, Tributos e Lucro | C131: =D119 -> 0
A132: Valor Total por Empregado | C132: =ROUND(C130+C131,2) -> 0
A135: a) Tributos | C135: =C115 -> 0
A136: b) Total dos Módulos 1,2,3,4,5+Custos indiretos+lucro) | C136: =D16+D66+D77+C100+C107+D113+D114 -> 0
A137: C)Po/(1-TO)=P1 | C137: =TRUNC(C136/(1-C135),2) -> 0
A138: Valor dos Tributos = P1-Po | C138: =C137-C136 -> 0

Sheet PORTARIA 40
B3: Mão de Obra
B5: Cargo | C5: Portaria Diurna
B6: Jornada (Preencher horas mensais) | C6: 200
B7: Salário normativo para a categoria (Preencher de acordo com a CCT) | C7: =Resumo!H5 -> 0
A10: Módulo 1 - Composição da Remuneração
A12: 1 | B12: Composição da Remuneração | C12: Valor (R$) | D12: Valor (R$) | E12: Fundamentação Legal
A13: A | B13: Salário-Base | D13: =C7/220*C6 -> 0 | E13: Salário normativo da categoria de acorodo com a CCT
A14: B | B14: Adicional de Risco | C14: =Resumo!H7 -> 0 | D14: =ROUND((C14/220*C6),2) -> 0 | E14: Valor de acordo com a CCT (Informarr valor imtegral na célula C15)
A15: C | B15: Outros (Descrever )
A16: Total | D16: =SUM(D13:D15) -> 0
A19: Módulo 2 - Encargos e Benefícios Anuais, Mensais e Diários
A22: Submódulo 2.1 - 13º (décimo terceiro) Salário, Férias e Adicional de Férias
A24: 2.2 | B24: 13º (décimo terceiro) Salário, Férias e Adicional de Férias | C24: Percentual (%) | D24: Valor (R$) | E24: Fundamentação Legal
A25: A | B25: 13º (décimo terceiro) Salário | C25: 0.0833 | D25: =ROUND(D16*C25,2) -> 0 | E25: Lei 4090/62 Inciso VIII Art. 7 CF 88
A26: B | B26: Férias e Adicional de Férias | C26: 0.1111 | D26: =ROUND(D16*C26,2) -> 0
A27: SUBTOTAL | C27: =SUM(C25:C26) -> 0.1944 | D27: =SUM(D25:D26) -> 0
A28: C | B28: Incidência do submódulo 2.2 sobre o submódulo 2.1 | C28: =(C27*C43) -> 0.0657072 | D28: =ROUND(D27*C28,2) -> 0
A29: Total | C29: =SUM(C27:C28) -> 0.2601072 | D29: =SUM(D27:D28) -> 0
A32: Submódulo 2.2 - Encargos Previdenciários (GPS), Fundo de Garantia por Tempo de Serviço (FGTS) e outras contribuições.
A34: 2.3 | B34: GPS, FGTS e outras contribuições | C34: Percentual (%) | D34: Valor (R$) | E34: Fundamentação Legal
A35: D | B35: INSS | C35: 0.2 | D35: =ROUND(D16*C35,2) -> 0 | E35: Art. 22, Inciso I, da Lei 8.212/91
A36: E | B36: Salário Educação | C36: 0.025 | D36: =ROUND(D16*C36,2) -> 0 | E36: Artigo 3º Inciso I Decreto 87.043/82
A37: F | B37: SAT/FAP | C37: =Resumo!H8 -> 0 | D37: =ROUND(D16*C37,2) -> 0 | E37: Art. 22, inciso II, da Lei nº 8.212/91 (Apresentar memória de cálculo do SAT/FAP)
A38: G | B38: SESC ou SESI | C38: 0.015 | D38: =ROUND(D16*C38,2) -> 0 | E38: Artigo 30 da Lei nº 8.036/90
A39: H | B39: SENAI - SENAC | C39: 0.01 | D39: =ROUND(D16*C39,2) -> 0 | E39: Decreto-Lei nº 2.318/86
A40: I | B40: SEBRAE | C40: 0.006 | D40: =ROUND(D16*C40,2) -> 0 | E40: Lei nº 8.029/90
A41: J | B41: INCRA | C41: 0.002 | D41: =ROUND(D16*C41,2) -> 0 | E41: Artigos 1º e 2º do Decreto-Lei nº 1.146/70.
A42: K | B42: FGTS | C42: 0.08 | D42: =ROUND(D16*C42,2) -> 0 | E42: Artigo 15 Lei 8036/90 e Art. 7º Inciso III CF/88
A43: Total | C43: =SUM(C35:C42) -> 0.338 | D43: =SUM(D35:D42) -> 0
A46: Submódulo 2.3 - Benefícios Mensais e Diários.
A48: 2.4 | B48: Benefícios Mensais e Diários | C48: Valor (R$) | D48: Valor Total (R$) | E48: Fundamentação Legal
A49: L | B49: Vale Transporte | C49: =Resumo!H10 -> 0 | D49: =ROUND((C49*2*22)-(D13*0.06),2) -> 0 | E49: Lei 7.4118 (Considerar 22 dias)
A50: M | B50: Vale Refeição (Desconto) | C50: =Resumo!H11 -> 0 | D50: =ROUND(((C50+(C50/12))*0.8),2) -> 0 | E50: Cláusula 13a da CCT
A51: N | B51: Fundo de Formação | D51: =Resumo!H13 -> 0 | E51: Cláusula 32a da CCT
A52: O | B52: Benefício Social Familiar | D52: =Resumo!H12 -> 0 | E52: Cláusula 15a da CCT
A53: P | B53: Assistência Médica | D53: =Resumo!H14 -> 0 | E53: Cláusula 19a da CCT
A54: Q | B54: Seguro de vida | D54: =Resumo!H15 -> 0
A55: R | B55: Custos dos exames admssional, períodicos e demissionais | D55: =Resumo!H16 -> 0
A56: S | B56: Intrajornada | D56: =D16/C6*1.5*22 -> 0
A57: Total | D57: =SUM(D49:D55) -> 0
A60: Quadro-Resumo do Módulo 2 - Encargos e Benefícios anuais, mensais e diários
A62: 2 | B62: Encargos e Benefícios Anuais, Mensais e Diários | C62: Percentual (%) | D62: Valor (R$)
A63: 2.1 | B63: 13º (décimo terceiro) Salário, Férias e Adicional de Férias | D63: =D29 -> 0
A64: 2.2 | B64: GPS, FGTS e outras contribuições | D64: =D43 -> 0
A65: 2.3 | B65: Benefícios Mensais e Diários | D65: =D57 -> 0
A66: Total | D66: =SUM(D63:D65) -> 0
A69: Módulo 3 - Provisão para Rescisão
A71: 3 | B71: Provisão para Rescisão | C71: Percentual (%) | D71: Valor (R$) | E71: Memória de Cálculo
A72: A | B72: Aviso Prévio Indenizado | C72: 0.004167 | D72: =ROUND(C72*$D$16,2) -> 0 | E72: 1 (unidade de salário) x (1 (mês não trabalhado) / 12 (meses) x 5% (estatística) = 0,4167%
A73: B | B73: Incidência do FGTS sobre o Aviso Prévio Indenizado | C73: 0.08 | D73: =ROUND(D72*C73,2) -> 0 | E73: Alíquota FGTS 8%
A74: C | B74: Multa do FGTS e contribuição social sobre o Aviso Prévio Trabalhado e Indenizado | C74: 0.032 | D74: =ROUND(C74*$D$16,2) -> 0 | E74: 40 (Multa do FGTS)*8% (Incidência do FGTS) = 3,20%
A75: D | B75: Aviso Prévio Trabalhado | C75: 0.0194 | D75: =ROUND(C75*$D$16,2) -> 0 | E75: [(1 (unidade de salário) / 30 (dias do mês)) x 7 (dias da semana)] / 12 (meses do ano) = 1,94%
A76: E | B76: Incidência dos encargos do submódulo 2.2 sobre o Aviso Prévio Trabalhado | C76: =C75*C43 -> 0.0065572 | D76: =ROUND(D75*C76,2) -> 0 | E76: Incidência dos encargos sociais sobre o aviso prévio trabalhado
A77: Total | C77: =SUM(C72:C76) -> 0.1421242 | D77: =SUM(D72:D76) -> 0
A80: Módulo 4 - Custo de Reposição do Profissional Ausente
A83: Submódulo 4.1 - Substituto nas Ausências Legais
A85: 4.1 | B85: Substituto nas Ausências Legais | C85: Percentual (%) | D85: Valor (R$) | E85: Memória de Cálculo
A86: A | B86: Substituto na cobertura de Férias | C86: =((1+1/3)/12)/12 -> 0.0092592593 | D86: =ROUND(($D$16)*C86,2) -> 0 | E86: ((1 remuneração + 1/3 terço constitucional)/12 rateio prov. p/ 12 meses) / 12 corresponde a 1/12 de férias + 1/3 do substituto=0,93%
A87: B | B87: Substituto na cobertura de Ausências Legais | C87: 0.0028 | D87: =ROUND(($D$16)*C87,2) -> 0 | E87: (1 dia / 30 dias) x (1 dia / 12 meses) x 100 = 0,28%
A88: C | B88: Substituto na cobertura de Licença Paternidade | C88: =((5/30)/12)*2% -> 0.00027777778 | D88: =ROUND(($D$16)*C88,2) -> 0 | E88: ((5 dias de ausência/30 impacto sobre o mês)/12 meses do ano)*2% estimativa de ocorrência=0,028%
A89: D | B89: Substituto na cobertura de Ausência por acidente de trabalho | C89: =((15/30)/12)*8% -> 0.0033333333 | D89: =ROUND(($D$16)*C89,2) -> 0 | E89: ((15 dias de ausências INSS /30 mês)/12 meses)*8% (estimativa IBGE) = 0,33%
A90: E | B90: Substituto na cobertura de Ausência por Doença | C90: =(5.96/30)*(1/12) -> 0.016555556 | D90: =ROUND(($D$16)*C90,2) -> 0 | E90: (5,96 dias/ano IBGE/30 dias) x (1/12 meses) = 1,66%
A91: F | B91: Substituto na cobertura de Licença Maternidade | C91: =(5/30)*(1/12)*6.24%*4.96% -> 4.2986667e-05 | D91: =ROUND(($D$16)*C91,2) -> 0 | E91: (5 dias / 30 dias) x (1 / 12 meses) x 6,24% taxa de fecundidade x 4,96% participação masculina = 0,004%
A92: Subtotal | C92: =SUM(C86:C90) -> 0.032225926 | D92: =SUM(D86:D90) -> 0
A93: G | B93: Incidência do Submódulo 2.2 sobre o Submódulo 4.1 | C93: =C92*C43 -> 0.010892363 | D93: =D92*C93 -> 0
A94: Total | C94: =SUM(C92:C93) -> 0.043118289 | D94: =SUM(D92:D93) -> 0
A96: Quadro-Resumo do Módulo 4 - Custo de Reposição do Profissional Ausente
A98: 4 | B98: Custo de Reposição do Profissional Ausente | C98: Valor (R$)
A99: 4.1 | B99: Substituto nas Ausências Legais | C99: =D94 -> 0
A100: Total | C100: =C99 -> 0
A103: Módulo 5 - Insumos Diversos
A105: 5 | B105: Insumos Diversos | C105: Valor (R$)
A106: A | B106: Uniformes | C106: ='MODULO 5 MATERIAIS_EQUIP_UNIF'!B44 -> 0
A107: Total | C107: =SUM(C106:C106) -> 0
A110: Módulo 6 - Custos Indiretos, Tributos e Lucro
A112: 6 | B112: Custos Indiretos, Tributos e Lucro | C112: Percentual (%) | D112: Valor (R$)
A113: A | B113: Custos Indiretos | C113: =Resumo!H36 -> 0 | D113: =ROUND(((C130)*C113),2) -> 0
A114: B | B114: Lucro | C114: =Resumo!H37 -> 0 | D114: =ROUND(((C130+D113)*C114),2) -> 0
A115: C | B115: Tributos | C115: =SUM(C116:C118) -> 0 | D115: =ROUND(SUM(D116:D118),2) -> 0
B116: C.1. PIS (Lucro Presumido, se for Lucro Real só alterar a alíquota) | C116: =Resumo!H38 -> 0 | D116: =ROUND(C116*((C130+D113+D114)/(1-C135)),2) -> 0
B117: C.2. COFINS (Lucro Presumido, se for Lucro Real só alterar a alíquota) | C117: =Resumo!H39 -> 0 | D117: =ROUND(C117*((C130+D113+D114)/(1-C135)),2) -> 0
B118: C.3. ISS | C118: =Resumo!H40 -> 0 | D118: =ROUND(C118*((C130+D113+D114)/(1-C135)),2) -> 0
A119: Total | D119: =ROUND(SUM(D113:D115),2) -> 0
A122: 2. QUADRO-RESUMO DO CUSTO POR EMPREGADO
B124: Mão de obra vinculada à execução contratual (valor por empregado) | C124: Valor (R$)
A125: A | B125: Módulo 1 - Composição da Remuneração | C125: =D16 -> 0
A126: B | B126: Módulo 2 - Encargos e Benefícios Anuais, Mensais e Diários | C126: =D66 -> 0
A127: C | B127: Módulo 3 - Provisão para Rescisão | C127: =D77 -> 0
A128: D | B128: Módulo 4 - Custo de Reposição do Profissional Ausente | C128: =C100 -> 0
A129: E | B129: Módulo 5 - Insumos Diversos | C129: =C107 -> 0
A130: Subtotal (A + B +C+ D+E) | C130: =ROUND(C125+C126+C127+C128+C129,2) -> 0
A131: F | B131: Módulo 6 – Custos Indiretos, Tributos e Lucro | C131: =D119 -> 0
A132: Valor Total por Empregado | C132: =ROUND(C130+C131,2) -> 0
A135: a) Tributos | C135: =C115 -> 0
A136: b) Total dos Módulos 1,2,3,4,5+Custos indiretos+lucro) | C136: =D16+D66+D77+C100+C107+D113+D114 -> 0
A137: C)Po/(1-TO)=P1 | C137: =TRUNC(C136/(1-C135),2) -> 0
A138: Valor dos Tributos = P1-Po | C138: =C137-C136 -> 0

Sheet PORTARIA 30
B3: Mão de Obra
B5: Cargo | C5: Portaria Diurna
B6: Jornada (Preencher horas mensais) | C6: 150
B7: Salário normativo para a categoria (Preencher de acordo com a CCT) | C7: =Resumo!H5 -> 0
A10: Módulo 1 - Composição da Remuneração
A12: 1 | B12: Composição da Remuneração | C12: Valor (R$) | D12: Valor (R$) | E12: Fundamentação Legal
A13: A | B13: Salário-Base | D13: =C7/220*C6 -> 0 | E13: Salário normativo da categoria de acorodo com a CCT
A14: B | B14: Adicional de Risco | C14: =Resumo!H7 -> 0 | D14: =ROUND((C14/220*C6),2) -> 0 | E14: Valor de acordo com a CCT (Informarr valor imtegral na célula C15)
A15: C | B15: Outros (Descrever )
A16: Total | D16: =SUM(D13:D15) -> 0
A19: Módulo 2 - Encargos e Benefícios Anuais, Mensais e Diários
A22: Submódulo 2.1 - 13º (décimo terceiro) Salário, Férias e Adicional de Férias
A24: 2.2 | B24: 13º (décimo terceiro) Salário, Férias e Adicional de Férias | C24: Percentual (%) | D24: Valor (R$) | E24: Fundamentação Legal
A25: A | B25: 13º (décimo terceiro) Salário | C25: 0.0833 | D25: =ROUND(D16*C25,2) -> 0 | E25: Lei 4090/62 Inciso VIII Art. 7 CF 88
A26: B | B26: Férias e Adicional de Férias | C26: 0.1111 | D26: =ROUND(D16*C26,2) -> 0
A27: SUBTOTAL | C27: =SUM(C25:C26) -> 0.1944 | D27: =SUM(D25:D26) -> 0
A28: C | B28: Incidência do submódulo 2.2 sobre o submódulo 2.1 | C28: =(C27*C43) -> 0.0657072 | D28: =ROUND(D27*C28,2) -> 0
A29: Total | C29: =SUM(C27:C28) -> 0.2601072 | D29: =SUM(D27:D28) -> 0
A32: Submódulo 2.2 - Encargos Previdenciários (GPS), Fundo de Garantia por Tempo de Serviço (FGTS) e outras contribuições.
A34: 2.3 | B34: GPS, FGTS e outras contribuições | C34: Percentual (%) | D34: Valor (R$) | E34: Fundamentação Legal
A35: D | B35: INSS | C35: 0.2 | D35: =ROUND(D16*C35,2) -> 0 | E35: Art. 22, Inciso I, da Lei 8.212/91
A36: E | B36: Salário Educação | C36: 0.025 | D36: =ROUND(D16*C36,2) -> 0 | E36: Artigo 3º Inciso I Decreto 87.043/82
A37: F | B37: SAT/FAP | C37: =Resumo!H8 -> 0 | D37: =ROUND(D16*C37,2) -> 0 | E37: Art. 22, inciso II, da Lei nº 8.212/91 (Apresentar memória de cálculo do SAT/FAP)
A38: G | B38: SESC ou SESI | C38: 0.015 | D38: =ROUND(D16*C38,2) -> 0 | E38: Artigo 30 da Lei nº 8.036/90
A39: H | B39: SENAI - SENAC | C39: 0.01 | D39: =ROUND(D16*C39,2) -> 0 | E39: Decreto-Lei nº 2.318/86
A40: I | B40: SEBRAE | C40: 0.006 | D40: =ROUND(D16*C40,2) -> 0 | E40: Lei nº 8.029/90
A41: J | B41: INCRA | C41: 0.002 | D41: =ROUND(D16*C41,2) -> 0 | E41: Artigos 1º e 2º do Decreto-Lei nº 1.146/70.
A42: K | B42: FGTS | C42: 0.08 | D42: =ROUND(D16*C42,2) -> 0 | E42: Artigo 15 Lei 8036/90 e Art. 7º Inciso III CF/88
A43: Total | C43: =SUM(C35:C42) -> 0.338 | D43: =SUM(D35:D42) -> 0
A46: Submódulo 2.3 - Benefícios Mensais e Diários.
A48: 2.4 | B48: Benefícios Mensais e Diários | C48: Valor (R$) | D48: Valor Total (R$) | E48: Fundamentação Legal
A49: L | B49: Vale Transporte | C49: =Resumo!H10 -> 0 | D49: =ROUND((C49*2*22)-(D13*0.06),2) -> 0 | E49: Lei 7.4118 (Considerar 22 dias)
A50: M | B50: Vale Refeição (Desconto) | C50: =Resumo!H11 -> 0 | D50: =ROUND(((C50+(C50/12))*0.8),2) -> 0 | E50: Cláusula 13a da CCT
A51: N | B51: Fundo de Formação | D51: =Resumo!H13 -> 0 | E51: Cláusula 32a da CCT
A52: O | B52: Benefício Social Familiar | D52: =Resumo!H12 -> 0 | E52: Cláusula 15a da CCT
A53: P | B53: Assistência Médica | D53: =Resumo!H14 -> 0 | E53: Cláusula 19a da CCT
A54: Q | B54: Seguro de vida | D54: =Resumo!H15 -> 0
A55: R | B55: Custos dos exames admssional, períodicos e demissionais | D55: =Resumo!H16 -> 0
A56: S | B56: Intrajornada | D56: =D16/C6*1.5*22 -> 0
A57: Total | D57: =SUM(D49:D55) -> 0
A60: Quadro-Resumo do Módulo 2 - Encargos e Benefícios anuais, mensais e diários
A62: 2 | B62: Encargos e Benefícios Anuais, Mensais e Diários | C62: Percentual (%) | D62: Valor (R$)
A63: 2.1 | B63: 13º (décimo terceiro) Salário, Férias e Adicional de Férias | D63: =D29 -> 0
A64: 2.2 | B64: GPS, FGTS e outras contribuições | D64: =D43 -> 0
A65: 2.3 | B65: Benefícios Mensais e Diários | D65: =D57 -> 0
A66: Total | D66: =SUM(D63:D65) -> 0
A69: Módulo 3 - Provisão para Rescisão
A71: 3 | B71: Provisão para Rescisão | C71: Percentual (%) | D71: Valor (R$) | E71: Memória de Cálculo
A72: A | B72: Aviso Prévio Indenizado | C72: 0.004167 | D72: =ROUND(C72*$D$16,2) -> 0 | E72: 1 (unidade de salário) x (1 (mês não trabalhado) / 12 (meses) x 5% (estatística) = 0,4167%
A73: B | B73: Incidência do FGTS sobre o Aviso Prévio Indenizado | C73: 0.08 | D73: =ROUND(D72*C73,2) -> 0 | E73: Alíquota FGTS 8%
A74: C | B74: Multa do FGTS e contribuição social sobre o Aviso Prévio Trabalhado e Indenizado | C74: 0.032 | D74: =ROUND(C74*$D$16,2) -> 0 | E74: 40 (Multa do FGTS)*8% (Incidência do FGTS) = 3,20%
A75: D | B75: Aviso Prévio Trabalhado | C75: 0.0194 | D75: =ROUND(C75*$D$16,2) -> 0 | E75: [(1 (unidade de salário) / 30 (dias do mês)) x 7 (dias da semana)] / 12 (meses do ano) = 1,94%
A76: E | B76: Incidência dos encargos do submódulo 2.2 sobre o Aviso Prévio Trabalhado | C76: =C75*C43 -> 0.0065572 | D76: =ROUND(D75*C76,2) -> 0 | E76: Incidência dos encargos sociais sobre o aviso prévio trabalhado
A77: Total | C77: =SUM(C72:C76) -> 0.1421242 | D77: =SUM(D72:D76) -> 0
A80: Módulo 4 - Custo de Reposição do Profissional Ausente
A83: Submódulo 4.1 - Substituto nas Ausências Legais
A85: 4.1 | B85: Substituto nas Ausências Legais | C85: Percentual (%) | D85: Valor (R$) | E85: Memória de Cálculo
A86: A | B86: Substituto na cobertura de Férias | C86: =((1+1/3)/12)/12 -> 0.0092592593 | D86: =ROUND(($D$16)*C86,2) -> 0 | E86: ((1 remuneração + 1/3 terço constitucional)/12 rateio prov. p/ 12 meses) / 12 corresponde a 1/12 de férias + 1/3 do substituto=0,93%
A87: B | B87: Substituto na cobertura de Ausências Legais | C87: 0.0028 | D87: =ROUND(($D$16)*C87,2) -> 0 | E87: (1 dia / 30 dias) x (1 dia / 12 meses) x 100 = 0,28%
A88: C | B88: Substituto na cobertura de Licença Paternidade | C88: =((5/30)/12)*2% -> 0.00027777778 | D88: =ROUND(($D$16)*C88,2) -> 0 | E88: ((5 dias de ausência/30 impacto sobre o mês)/12 meses do ano)*2% estimativa de ocorrência=0,028%
A89: D | B89: Substituto na cobertura de Ausência por acidente de trabalho | C89: =((15/30)/12)*8% -> 0.0033333333 | D89: =ROUND(($D$16)*C89,2) -> 0 | E89: ((15 dias de ausências INSS /30 mês)/12 meses)*8% (estimativa IBGE) = 0,33%
A90: E | B90: Substituto na cobertura de Ausência por Doença | C90: =(5.96/30)*(1/12) -> 0.016555556 | D90: =ROUND(($D$16)*C90,2) -> 0 | E90: (5,96 dias/ano IBGE/30 dias) x (1/12 meses) = 1,66%
A91: F | B91: Substituto na cobertura de Licença Maternidade | C91: =(5/30)*(1/12)*6.24%*4.96% -> 4.2986667e-05 | D91: =ROUND(($D$16)*C91,2) -> 0 | E91: (5 dias / 30 dias) x (1 / 12 meses) x 6,24% taxa de fecundidade x 4,96% participação masculina = 0,004%
A92: Subtotal | C92: =SUM(C86:C90) -> 0.032225926 | D92: =SUM(D86:D90) -> 0
A93: G | B93: Incidência do Submódulo 2.2 sobre o Submódulo 4.1 | C93: =C92*C43 -> 0.010892363 | D93: =D92*C93 -> 0
A94: Total | C94: =SUM(C92:C93) -> 0.043118289 | D94: =SUM(D92:D93) -> 0
A96: Quadro-Resumo do Módulo 4 - Custo de Reposição do Profissional Ausente
A98: 4 | B98: Custo de Reposição do Profissional Ausente | C98: Valor (R$)
A99: 4.1 | B99: Substituto nas Ausências Legais | C99: =D94 -> 0
A100: Total | C100: =C99 -> 0
A103: Módulo 5 - Insumos Diversos
A105: 5 | B105: Insumos Diversos | C105: Valor (R$)
A106: A | B106: Uniformes | C106: ='MODULO 5 MATERIAIS_EQUIP_UNIF'!B44 -> 0
A107: Total | C107: =SUM(C106:C106) -> 0
A110: Módulo 6 - Custos Indiretos, Tributos e Lucro
A112: 6 | B112: Custos Indiretos, Tributos e Lucro | C112: Percentual (%) | D112: Valor (R$)
A113: A | B113: Custos Indiretos | C113: =Resumo!H36 -> 0 | D113: =ROUND(((C130)*C113),2) -> 0
A114: B | B114: Lucro | C114: =Resumo!H37 -> 0 | D114: =ROUND(((C130+D113)*C114),2) -> 0
A115: C | B115: Tributos | C115: =SUM(C116:C118) -> 0 | D115: =ROUND(SUM(D116:D118),2) -> 0
B116: C.1. PIS (Lucro Presumido, se for Lucro Real só alterar a alíquota) | C116: =Resumo!H38 -> 0 | D116: =ROUND(C116*((C130+D113+D114)/(1-C135)),2) -> 0
B117: C.2. COFINS (Lucro Presumido, se for Lucro Real só alterar a alíquota) | C117: =Resumo!H39 -> 0 | D117: =ROUND(C117*((C130+D113+D114)/(1-C135)),2) -> 0
B118: C.3. ISS | C118: =Resumo!H40 -> 0 | D118: =ROUND(C118*((C130+D113+D114)/(1-C135)),2) -> 0
A119: Total | D119: =ROUND(SUM(D113:D115),2) -> 0
A122: 2. QUADRO-RESUMO DO CUSTO POR EMPREGADO
B124: Mão de obra vinculada à execução contratual (valor por empregado) | C124: Valor (R$)
A125: A | B125: Módulo 1 - Composição da Remuneração | C125: =D16 -> 0
A126: B | B126: Módulo 2 - Encargos e Benefícios Anuais, Mensais e Diários | C126: =D66 -> 0
A127: C | B127: Módulo 3 - Provisão para Rescisão | C127: =D77 -> 0
A128: D | B128: Módulo 4 - Custo de Reposição do Profissional Ausente | C128: =C100 -> 0
A129: E | B129: Módulo 5 - Insumos Diversos | C129: =C107 -> 0
A130: Subtotal (A + B +C+ D+E) | C130: =ROUND(C125+C126+C127+C128+C129,2) -> 0
A131: F | B131: Módulo 6 – Custos Indiretos, Tributos e Lucro | C131: =D119 -> 0
A132: Valor Total por Empregado | C132: =ROUND(C130+C131,2) -> 0
A135: a) Tributos | C135: =C115 -> 0
A136: b) Total dos Módulos 1,2,3,4,5+Custos indiretos+lucro) | C136: =D16+D66+D77+C100+C107+D113+D114 -> 0
A137: C)Po/(1-TO)=P1 | C137: =TRUNC(C136/(1-C135),2) -> 0
A138: Valor dos Tributos = P1-Po | C138: =C137-C136 -> 0

Sheet ASH 2 postos
B3: Mão de Obra
B5: Cargo | C5: Auxiliar
B6: Jornada (Preencher horas mensais) | C6: 200
B7: Salário normativo para a categoria (Preencher de acordo com a CCT) | C7: =Resumo!H4 -> 0
A10: Módulo 1 - Composição da Remuneração
A12: 1 | B12: Composição da Remuneração | C12: Valor (R$) | D12: Valor (R$) | E12: Fundamentação Legal
A13: A | B13: Salário-Base | D13: =C7/220*C6 -> 0 | E13: Salário normativo da categoria de acorodo com a CCT
A14: B | B14: Cumulação copeira | D14: =ROUND((C14/220*C6),2) -> 0 | E14: Valor de acordo com a CCT (Informarr valor imtegral na célula C15)
A15: C | B15: Outros (Descrever )
A16: Total | D16: =SUM(D13:D15) -> 0
A19: Módulo 2 - Encargos e Benefícios Anuais, Mensais e Diários
A22: Submódulo 2.1 - 13º (décimo terceiro) Salário, Férias e Adicional de Férias
A24: 2.2 | B24: 13º (décimo terceiro) Salário, Férias e Adicional de Férias | C24: Percentual (%) | D24: Valor (R$) | E24: Fundamentação Legal
A25: A | B25: 13º (décimo terceiro) Salário | C25: 0.0833 | D25: =ROUND(D16*C25,2) -> 0 | E25: Lei 4090/62 Inciso VIII Art. 7 CF 88
A26: B | B26: Férias e Adicional de Férias | C26: 0.1111 | D26: =ROUND(D16*C26,2) -> 0
A27: SUBTOTAL | C27: =SUM(C25:C26) -> 0.1944 | D27: =SUM(D25:D26) -> 0
A28: C | B28: Incidência do submódulo 2.2 sobre o submódulo 2.1 | C28: =(C27*C43) -> 0.0657072 | D28: =ROUND(D27*C28,2) -> 0
A29: Total | C29: =SUM(C27:C28) -> 0.2601072 | D29: =SUM(D27:D28) -> 0
A32: Submódulo 2.2 - Encargos Previdenciários (GPS), Fundo de Garantia por Tempo de Serviço (FGTS) e outras contribuições.
A34: 2.3 | B34: GPS, FGTS e outras contribuições | C34: Percentual (%) | D34: Valor (R$) | E34: Fundamentação Legal
A35: D | B35: INSS | C35: 0.2 | D35: =ROUND(D16*C35,2) -> 0 | E35: Art. 22, Inciso I, da Lei 8.212/91
A36: E | B36: Salário Educação | C36: 0.025 | D36: =ROUND(D16*C36,2) -> 0 | E36: Artigo 3º Inciso I Decreto 87.043/82
A37: F | B37: SAT/FAP | C37: =Resumo!H8 -> 0 | D37: =ROUND(D16*C37,2) -> 0 | E37: Art. 22, inciso II, da Lei nº 8.212/91 (Apresentar memória de cálculo do SAT/FAP)
A38: G | B38: SESC ou SESI | C38: 0.015 | D38: =ROUND(D16*C38,2) -> 0 | E38: Artigo 30 da Lei nº 8.036/90
A39: H | B39: SENAI - SENAC | C39: 0.01 | D39: =ROUND(D16*C39,2) -> 0 | E39: Decreto-Lei nº 2.318/86
A40: I | B40: SEBRAE | C40: 0.006 | D40: =ROUND(D16*C40,2) -> 0 | E40: Lei nº 8.029/90
A41: J | B41: INCRA | C41: 0.002 | D41: =ROUND(D16*C41,2) -> 0 | E41: Artigos 1º e 2º do Decreto-Lei nº 1.146/70.
A42: K | B42: FGTS | C42: 0.08 | D42: =ROUND(D16*C42,2) -> 0 | E42: Artigo 15 Lei 8036/90 e Art. 7º Inciso III CF/88
A43: Total | C43: =SUM(C35:C42) -> 0.338 | D43: =SUM(D35:D42) -> 0
A46: Submódulo 2.3 - Benefícios Mensais e Diários.
A48: 2.4 | B48: Benefícios Mensais e Diários | C48: Valor (R$) | D48: Valor Total (R$) | E48: Fundamentação Legal
A49: L | B49: Vale Transporte | C49: =Resumo!H10 -> 0 | D49: =ROUND((C49*2*22)-(D13*0.06),2) -> 0 | E49: Lei 7.4118 (Considerar 22 dias)
A50: M | B50: Vale Refeição (Desconto) | C50: =Resumo!H11 -> 0 | D50: =ROUND(((C50+(C50/12))*0.8),2) -> 0 | E50: Cláusula 13a da CCT
A51: N | B51: Fundo de Formação | D51: =Resumo!H13 -> 0 | E51: Cláusula 32a da CCT
A52: O | B52: Benefício Social Familiar | D52: =Resumo!H12 -> 0 | E52: Cláusula 15a da CCT
A53: P | B53: Assistência Médica | D53: =Resumo!H14 -> 0 | E53: Cláusula 19a da CCT
A54: Q | B54: Seguro de vida | D54: =Resumo!H15 -> 0
A55: R | B55: Custos dos exames admssional, períodicos e demissionais | D55: =Resumo!H16 -> 0
A56: Total | D56: =SUM(D49:D55) -> 0
A59: Quadro-Resumo do Módulo 2 - Encargos e Benefícios anuais, mensais e diários
A61: 2 | B61: Encargos e Benefícios Anuais, Mensais e Diários | C61: Percentual (%) | D61: Valor (R$)
A62: 2.1 | B62: 13º (décimo terceiro) Salário, Férias e Adicional de Férias | D62: =D29 -> 0
A63: 2.2 | B63: GPS, FGTS e outras contribuições | D63: =D43 -> 0
A64: 2.3 | B64: Benefícios Mensais e Diários | D64: =D56 -> 0
A65: Total | D65: =SUM(D62:D64) -> 0
A68: Módulo 3 - Provisão para Rescisão
A70: 3 | B70: Provisão para Rescisão | C70: Percentual (%) | D70: Valor (R$) | E70: Memória de Cálculo
A71: A | B71: Aviso Prévio Indenizado | C71: 0.004167 | D71: =ROUND(C71*$D$16,2) -> 0 | E71: 1 (unidade de salário) x (1 (mês não trabalhado) / 12 (meses) x 5% (estatística) = 0,4167%
A72: B | B72: Incidência do FGTS sobre o Aviso Prévio Indenizado | C72: 0.08 | D72: =ROUND(D71*C72,2) -> 0 | E72: Alíquota FGTS 8%
A73: C | B73: Multa do FGTS e contribuição social sobre o Aviso Prévio Trabalhado e Indenizado | C73: 0.032 | D73: =ROUND(C73*$D$16,2) -> 0 | E73: 40 (Multa do FGTS)*8% (Incidência do FGTS) = 3,20%
A74: D | B74: Aviso Prévio Trabalhado | C74: 0.0194 | D74: =ROUND(C74*$D$16,2) -> 0 | E74: [(1 (unidade de salário) / 30 (dias do mês)) x 7 (dias da semana)] / 12 (meses do ano) = 1,94%
A75: E | B75: Incidência dos encargos do submódulo 2.2 sobre o Aviso Prévio Trabalhado | C75: =C74*C43 -> 0.0065572 | D75: =ROUND(D74*C75,2) -> 0 | E75: Incidência dos encargos sociais sobre o aviso prévio trabalhado
A76: Total | C76: =SUM(C71:C75) -> 0.1421242 | D76: =SUM(D71:D75) -> 0
A79: Módulo 4 - Custo de Reposição do Profissional Ausente
A82: Submódulo 4.1 - Substituto nas Ausências Legais
A84: 4.1 | B84: Substituto nas Ausências Legais | C84: Percentual (%) | D84: Valor (R$) | E84: Memória de Cálculo
A85: A | B85: Substituto na cobertura de Férias | C85: =((1+1/3)/12)/12 -> 0.0092592593 | D85: =ROUND(($D$16)*C85,2) -> 0 | E85: ((1 remuneração + 1/3 terço constitucional)/12 rateio prov. p/ 12 meses) / 12 corresponde a 1/12 de férias + 1/3 do substituto=0,93%
A86: B | B86: Substituto na cobertura de Ausências Legais | C86: =Resumo!H18 -> 0.0028 | D86: =ROUND(($D$16)*C86,2) -> 0 | E86: (1 dia / 30 dias) x (1 dia / 12 meses) x 100 = 0,28%
A87: C | B87: Substituto na cobertura de Licença Paternidade | C87: =Resumo!H19 -> 0.00027777778 | D87: =ROUND(($D$16)*C87,2) -> 0 | E87: ((5 dias de ausência/30 impacto sobre o mês)/12 meses do ano)*2% estimativa de ocorrência=0,028%
A88: D | B88: Substituto na cobertura de Ausência por acidente de trabalho | C88: =Resumo!H20 -> 0.0033333333 | D88: =ROUND(($D$16)*C88,2) -> 0 | E88: ((15 dias de ausências INSS /30 mês)/12 meses)*8% (estimativa IBGE) = 0,33%
A89: E | B89: Substituto na cobertura de Ausência por Doença | C89: =Resumo!H21 -> 0.016555556 | D89: =ROUND(($D$16)*C89,2) -> 0 | E89: (5,96 dias/ano IBGE/30 dias) x (1/12 meses) = 1,66%
A90: F | B90: Substituto na cobertura de Licença Maternidade | C90: =Resumo!H22 -> 4.2986667e-05 | D90: =ROUND(($D$16)*C90,2) -> 0 | E90: (5 dias / 30 dias) x (1 / 12 meses) x 6,24% taxa de fecundidade x 4,96% participação masculina = 0,004%
A91: Subtotal | C91: =SUM(C85:C89) -> 0.032225926 | D91: =SUM(D85:D89) -> 0
A92: G | B92: Incidência do Submódulo 2.2 sobre o Submódulo 4.1 | C92: =C91*C43 -> 0.010892363 | D92: =D91*C92 -> 0
A93: Total | C93: =SUM(C91:C92) -> 0.043118289 | D93: =SUM(D91:D92) -> 0
A95: Quadro-Resumo do Módulo 4 - Custo de Reposição do Profissional Ausente
A97: 4 | B97: Custo de Reposição do Profissional Ausente | C97: Valor (R$)
A98: 4.1 | B98: Substituto nas Ausências Legais | C98: =D93 -> 0
A99: Total | C99: =C98 -> 0
A102: Módulo 5 - Insumos Diversos
A104: 5 | B104: Insumos Diversos | C104: Valor (R$)
A105: B | B105: Uniformes | C105: ='MODULO 5 MATERIAIS_EQUIP_UNIF'!B46 -> 0
A106: Total | C106: =SUM(C105:C105) -> 0
A109: Módulo 6 - Custos Indiretos, Tributos e Lucro
A111: 6 | B111: Custos Indiretos, Tributos e Lucro | C111: Percentual (%) | D111: Valor (R$)
A112: A | B112: Custos Indiretos | C112: =Resumo!H32 -> 0 | D112: =ROUND(((C129)*C112),2) -> 0
A113: B | B113: Lucro | C113: =Resumo!H33 -> 0 | D113: =ROUND(((C129+D112)*C113),2) -> 0
A114: C | B114: Tributos | C114: =SUM(C115:C117) -> 0 | D114: =ROUND(SUM(D115:D117),2) -> 0
B115: C.1. PIS (Lucro Presumido, se for Lucro Real só alterar a alíquota) | C115: =Resumo!H38 -> 0 | D115: =ROUND(C115*((C129+D112+D113)/(1-C134)),2) -> 0
B116: C.2. COFINS (Lucro Presumido, se for Lucro Real só alterar a alíquota) | C116: =Resumo!H39 -> 0 | D116: =ROUND(C116*((C129+D112+D113)/(1-C134)),2) -> 0
B117: C.3. ISS | C117: =Resumo!H40 -> 0 | D117: =ROUND(C117*((C129+D112+D113)/(1-C134)),2) -> 0
A118: Total | D118: =ROUND(SUM(D112:D114),2) -> 0
A121: 2. QUADRO-RESUMO DO CUSTO POR EMPREGADO
B123: Mão de obra vinculada à execução contratual (valor por empregado) | C123: Valor (R$)
A124: A | B124: Módulo 1 - Composição da Remuneração | C124: =D16 -> 0
A125: B | B125: Módulo 2 - Encargos e Benefícios Anuais, Mensais e Diários | C125: =D65 -> 0
A126: C | B126: Módulo 3 - Provisão para Rescisão | C126: =D76 -> 0
A127: D | B127: Módulo 4 - Custo de Reposição do Profissional Ausente | C127: =C99 -> 0
A128: E | B128: Módulo 5 - Insumos Diversos | C128: =C106 -> 0
A129: Subtotal (A + B +C+ D+E) | C129: =ROUND(C124+C125+C126+C127+C128,2) -> 0
A130: F | B130: Módulo 6 – Custos Indiretos, Tributos e Lucro | C130: =D118 -> 0
A131: Valor Total por Empregado | C131: =ROUND(C129+C130,2) -> 0
A134: a) Tributos | C134: =C114 -> 0
A135: b) Total dos Módulos 1,2,3,4,5+Custos indiretos+lucro) | C135: =D16+D65+D76+C99+C106+D112+D113 -> 0
A136: C)Po/(1-TO)=P1 | C136: =TRUNC(C135/(1-C134),2) -> 0
A137: Valor dos Tributos = P1-Po | C137: =C136-C135 -> 0

Sheet MODULO 5 MATERIAIS_EQUIP_UNIF
A2: UNIFORMES PORTEIRO
A3: Calça social comprida | C3: 3 | D3: =C3*B3 -> 0 | E3: =IF(C3>0,((D3/12)),"0") -> 0
A4: Camisa social manga curta | C4: 2 | D4: =C4*B4 -> 0 | E4: =IF(C4>0,((D4/12)),"0") -> 0
A5: Camisa social manga longa | C5: 2 | D5: =C5*B5 -> 0 | E5: =IF(C5>0,((D5/12)),"0") -> 0
A6: Sapato Social (par) | C6: 1 | D6: =C6*B6 -> 0 | E6: =IF(C6>0,((D6/12)),"0") -> 0
A7: Cinto | C7: 1 | D7: =C7*B7 -> 0 | E7: =IF(C7>0,((D7/12)),"0") -> 0
A8: Jaqueta de frio com emblema | C8: 1 | D8: =C8*B8 -> 0 | E8: =IF(C8>0,((D8/12)),"0") -> 0
A9: Crachá de identificação | C9: 1 | D9: =C9*B9 -> 0 | E9: =IF(C9>0,((D9/12)),"0") -> 0
A10: Total | B10: =SUM(B3:B9) -> 0 | D10: =SUM(D3:D9) -> 0 | E10: =SUM(E3:E9) -> 0
A12: UNIFORMES SERVENTE COM COPEIRAGEM
A13: Item | B13: Custo Unitário | C13: QTD. | D13: Valor Total | E13: Valor Amortizado Mensalmente
A14: Camiseta ou jaleco/blusa | C14: 3 | D14: =C14*B14 -> 0 | E14: =IF(C14>0,((D14/12)),"0") -> 0
A15: Calça comprida | C15: 3 | D15: =C15*B15 -> 0 | E15: =IF(C15>0,((D15/12)),"0") -> 0
A16: Avental | C16: 2 | D16: =C16*B16 -> 0 | E16: =IF(C16>0,((D16/12)),"0") -> 0
A17: Sapato fechado antiderrapante | C17: 1 | D17: =C17*B17 -> 0 | E17: =IF(C17>0,((D17/12)),"0") -> 0
A18: Touca ou rede para cabelo | C18: 1 | D18: =C18*B18 -> 0 | E18: =IF(C18>0,((D18/12)),"0") -> 0
A19: Crachá de identificação | C19: 1 | D19: =C19*B19 -> 0 | E19: =IF(C19>0,((D19/12)),"0") -> 0
A20: Total | B20: =SUM(B14:B19) -> 0 | D20: =SUM(D14:D19) -> 0 | E20: =SUM(E14:E19) -> 0
A22: AUXILIAR DE SERVIÇOS GERAIS
A23: Item | B23: Custo Unitário | C23: QTD. | D23: Valor Total | E23: Valor Amortizado Mensalmente
A24: Camiseta ou jaleco/blusa | C24: 3 | D24: =C24*B24 -> 0 | E24: =IF(C24>0,((D24/12)),"0") -> 0
A25: camiseta manga longa | C25: 2 | D25: =C25*B25 -> 0 | E25: =IF(C25>0,((D25/12)),"0") -> 0
A26: Calça comprida | C26: 3 | D26: =C26*B26 -> 0 | E26: =IF(C26>0,((D26/12)),"0") -> 0
A27: Sapato fechado antiderrapante | C27: 1 | D27: =C27*B27 -> 0 | E27: =IF(C27>0,((D27/12)),"0") -> 0
A28: Crachá de identificação | C28: 1 | D28: =C28*B28 -> 0 | E28: =IF(C28>0,((D28/12)),"0") -> 0
A29: Total | B29: =SUM(B24:B28) -> 0 | D29: =SUM(D24:D28) -> 0 | E29: =SUM(E24:E28) -> 0 | H29: PRODUTO | I29: MEDIDA | J29: MARCAS DE REFERÊNCIAS | K29: VALOR UNITÁRIO | L29: QTD. MENSAL | M29: VALOR TOTAL
H30: ÁGUA SANITÁRIA | I30: LITRO | J30: Qboa/Ypê/Suprema | L30: 10 | M30: =L30*K30 -> 0
A31: EQUIPAMENTOS PARA 12 MESES | H31: ÁLCOOL LÍQUIDO 70% | I31: LITRO | J31: Tupi/Araucária/Super Vale | L31: 10 | M31: =L31*K31 -> 0
A32: Item | B32: Custo Unitário | C32: QTD. | D32: Depreciação (em anos) | E32: Valor Total | F32: Valor Amortizado Mensalmente | H32: BALDE DE PLÁSTICO COM ALÇA 15 LITROS | I32: UNIDADE | J32: Sanremo/Plasvale/Arqplast | L32: 2 | M32: =L32*K32 -> 0
A33: Lavadora de alta pressão | C33: 1 | D33: 5 | E33: =C33*B33/D33 -> 0 | F33: =IF(C33>0,((E33/12)),"0") -> 0 | H33: BALDE DE PLÁSTICO COM ALÇA 8 LITROS | I33: UNIDADE | J33: Sanremo/Plasvale/Arqplast | L33: 4 | M33: =L33*K33 -> 0
A34: Enceradeira 350 mm | C34: 1 | D34: 5 | E34: =C34*B34/D34 -> 0 | F34: =IF(C34>0,((E34/12)),"0") -> 0 | H34: BOBINA DE PAPEL 200M E280-100% CEL.VIRGEM | I34: UNIDADE | J34: ECOLOGICA | L34: 10 | M34: =L34*K34 -> 0
A35: Aspirador de pó e àgua 1400w | C35: 1 | D35: 5 | E35: =C35*B35/D35 -> 0 | F35: =IF(C35>0,((E35/12)),"0") -> 0 | H35: DESINFETANTE PARA BANHEIROS | I35: LITRO | J35: YPE/MINUANO/BRILHANTE | L35: 10 | M35: =L35*K35 -> 0
A36: Soprador de folhas | C36: 1 | D36: 5 | E36: =C36*B36/D36 -> 0 | F36: =IF(C36>0,((E36/12)),"0") -> 0 | H36: DETERGENTE CONCENTRADO 5 LITROS | I36: UNIDADE | J36: AUDAX GOLD/LIMPOL /IPE | L36: 10 | M36: =L36*K36 -> 0
A37: Carrinho de limpeza 80cm x 40cm x 90cm de altura | C37: 1 | D37: 10 | E37: =C37*B37/D37 -> 0 | F37: =IF(C37>0,((E37/12)),"0") -> 0 | H37: ESCOVA MULTIUSO | I37: UNIDADE | J37: Bettanin/Alklin/Condor | L37: 2 | M37: =L37*K37 -> 0
A38: Total | B38: =SUM(B33:B37) -> 0 | C38: =SUM(C33:C37) -> 5 | E38: =SUM(E33:E37) -> 0 | F38: =SUM(F33:F37) -> 0 | H38: ESCOVA SANITÁRIA COM SUPORTE | I38: UNIDADE | J38: Bettanin/Alklin/Santa Maria | L38: 12 | M38: =L38*K38 -> 0
H39: ESCADA DE ALUMÍNIO 3 DEGRAUS | I39: UNIDADE | J39: Sem especificação | L39: 1 | M39: =L39*K39 -> 0
H40: ESCADA DE ALUMÍNIO 5 DEGRAUS | I40: UNIDADE | J40: Sem especificação | L40: 1 | M40: =L40*K40 -> 0
H41: ESPONJA DUPLA FACE | I41: PCT COM 4 UNIDADES | J41: Esfrebom/Scotch brite/Alklin | L41: 4 | M41: =L41*K41 -> 0
A42: RESUMO | H42: FIBRA VERDE PARA RODO 26X10cm | I42: UNIDADE | J42: 3M/Super Pró/Bralimpia | L42: 8 | M42: =L42*K42 -> 0
A43: MATERIAIS | B43: =M91 -> 0 | H43: FLANELA AMARELA 38X58cm | I43: UNIDADE | J43: Novacov/Alklin/Rossi | L43: 12 | M43: =L43*K43 -> 0
A44: UNIFORMES PORTEIRO | B44: =E10 -> 0 | H44: FLANELA BRANCA 28X38cm | I44: UNIDADE | J44: Novacov/Zenaleti/Santa Clara | L44: 12 | M44: =L44*K44 -> 0
A45: UNIFORMES SERVENTE COM COPEIRAGEM | B45: =E20 -> 0 | H45: FLANELA BRANCA 38X58cm | I45: UNIDADE | J45: Novacov/Zenaleti/Vabene | L45: 12 | M45: =L45*K45 -> 0
A46: UNIFORMES AUXILIAR DE SERVIÇOS GERAIS | B46: =E29 -> 0 | H46: LIMPA PEDRA ( LAVARA CALÇADA) | I46: LITRO | J46: METABRAIL/HIPER PLUS OU SIMILAR | L46: 10 | M46: =L46*K46 -> 0
A47: EQUIPAMENTOS | B47: =F38 -> 0 | H47: MANGUEIRA 60 METROS | I47: UNIDADE | J47: Sem especificação | L47: 3 | M47: =L47*K47 -> 0
H48: ODORIZADOR AEROSOL (CHÁ BRANCO/BAMBU) | I48: UNIDADE | J48: Bom Ar/Glade/Secar | L48: 10 | M48: =L48*K48 -> 0
H49: PÁ DE LIXO COLETADORA COM CABO GRANDE | I49: UNIDADE | J49: Noviça/Bettanin | L49: 2 | M49: =L49*K49 -> 0
H50: PÁ DE LIXO COLETADORA COM CABO PEQUENA | I50: UNIDADE | J50: Condor/Sanremo/Astra | L50: 2 | M50: =L50*K50 -> 0
H51: PALHA DE AÇO | I51: PACOTE | J51: Bombril/Assolan/.Qualitá | L51: 3 | M51: =L51*K51 -> 0
H52: PANO DE CHÃO BRANCO ALVEJADO 40X60 | I52: UNIDADE | J52: Sem especificação | L52: 10 | M52: =L52*K52 -> 0
H53: PANO DE CHÃO BRANCO ALVEJADO 50X80 | I53: UNIDADE | J53: Sem especificação | L53: 10 | M53: =L53*K53 -> 0
H54: PAPEL HIGIÊNICO, FOLHA DUPLA 30m com 32 rolos | I54: FARDOS | J54: Mili/Personal/Neve | L54: 2 | M54: =L54*K54 -> 0
H55: PAR DE LUVAS | I55: UNIDADE | J55: Volk/Sanro Fit/Delta plus | L55: 10 | M55: =L55*K55 -> 0
H56: PEDRA DE SABÃO | I56: UNIDADE | J56: YPE/MINUANO/BRILHANTE | L56: 5 | M56: =L56*K56 -> 0
H57: RODO DE BORRACHA 45cm COM CABO | I57: UNIDADE | J57: Sem especificação | L57: 4 | M57: =L57*K57 -> 0
H58: RODO DE ESPUMA PASSA CERA 30cm COM CABO | I58: UNIDADE | J58: Sem especificação | L58: 3 | M58: =L58*K58 -> 0
H59: RODO PEGA FIBRA 23X10cm COM CABO | I59: UNIDADE | J59: Sem especificação | L59: 2 | M59: =L59*K59 -> 0
... H90: CERA INCOLOR - ARDOSIA A PROVA D'AGUA - 5L | I90: GALÃO | J90: Sem especificação | L90: 1 | M90: =L90*K90 -> 0
D91: z | H91: TOTAL | M91: =SUM(M30:M90) -> 0
H92: TOTAL POR MÊS | M92: =SUM(M91) -> 0
